 Dungeon Crawl Stone Soup version 0.22-a0-422-g9628fc8 (webtiles) character file.

154 Gorice the Changer (level 5, -5/31 HPs)
             Began as a Deep Elf Wanderer on May 19, 2018.
             Slain by an ogre
             ... wielding a +0 giant club
              (17 damage)
             ... on level 4 of the Dungeon.
             The game lasted 00:10:52 (3753 turns).

Gorice the Changer (Deep Elf Wanderer)              Turns: 3753, Time: 00:10:52

Health: -5/31      AC: 11    Str: 12    XL:     5   Next: 13%
Magic:  11/11      EV:  2    Int: 18    God:
Gold:   135        SH:  0    Dex: 11    Spells: 10/10 levels left

rFire    . . .     SeeInvis .   a - +3 dagger
rCold    . . .     Gourm    .   (no shield)
rNeg     . . .     Faith    .   m - +0 plate armour
rPois    .         Spirit   .   n - +1 helmet
rElec    .         Reflect  .   (no cloak)
rCorr    .         Harm     .   j - +0 pair of gloves
MR       .....                  (no boots)
Stlth    ..........             (no amulet)
HPRegen  0.10/turn              p - -2 ring of protection (curse)
MPRegen  0.12/turn              (no ring)

@: heavily drained
A: no striking features
a: no special abilities


You were on level 4 of the Dungeon.
You were not hungry.

You visited 1 branch of the dungeon, and saw 4 of its levels.

You collected 135 gold pieces.

Inventory:

Hand Weapons
 a - a +3 dagger (weapon)
 b - a +0 blowgun
 c - a +0 spear
 r - a +2 hand axe of venom
   (You took it off an orc on level 4 of the Dungeon)
Missiles
 e - 45 arrows
 l - 48 poisoned needles
 Y - 150 stones (quivered)
 Z - a throwing net
Armour
 d - a +0 robe
 g - a +0 buckler
 j - a +0 pair of gloves (worn)
 m - a +0 plate armour (worn)
 n - a +1 helmet (worn)
Magical Staves
 h - an uncursed staff of power {unknown}
Jewellery
 o - an uncursed amulet of faith {!P}
 p - a cursed -2 ring of protection (left hand)
Scrolls
 k - a scroll of enchant armour
Potions
 q - 2 potions of curing
Comestibles
 f - 8 rations


   Skills:
 + Level 2.4(1.0) Fighting
 + Level 2.6(1.1) Short Blades
 - Level 1.0(0.0) Throwing
 + Level 1.8(0.5) Armour
 - Level 2.8(1.4) Dodging
 - Level 1.2(0.0) Stealth
 - Level 3.0(1.5) Spellcasting
   Level 3.2(1.8) Transmutations


You had 10 spell levels left.
You didn't know any spells.
Your spell library was empty.

Dungeon Overview and Level Annotations

Branches:
Dungeon (4/15)
 Temple: D:4-7

Altars:
Elyvilon


Message History

a - a +3 dagger (weapon)
You hit the quokka skeleton.
The quokka skeleton is heavily damaged.
The quokka skeleton bites you.
Damage: 2 (max 2)
Your plate armour prevents you from hitting the quokka skeleton.
The quokka skeleton is heavily damaged.
The quokka skeleton bites you but does no damage.
b - a +0 blowgun (weapon)
The quokka skeleton barely misses you.
Firing (i - inventory. (/) - cycle)
l - 51 poisoned needles (quivered)
Press: ? - help, Shift-Dir - straight line, f - ogre
Aim: an ogre, wielding a giant club You shoot a poisoned needle.
The poisoned needle barely misses the quokka skeleton.
The poisoned needle hits the ogre.
The ogre is poisoned.
The quokka skeleton bites you but does no damage.
Firing (i - inventory. (/) - cycle)
l - 50 poisoned needles (quivered)
Press: ? - help, Shift-Dir - straight line, f/p - ogre
Aim: an ogre, wielding a giant club (poisoned)
You shoot a poisoned needle.
The poisoned needle barely misses the quokka skeleton.
The poisoned needle closely misses the ogre.
The quokka skeleton bites you but does no damage.
Firing (i - inventory. (/) - cycle)
l - 49 poisoned needles (quivered)
Press: ? - help, Shift-Dir - straight line, f/p - ogre
Aim: an ogre, wielding a giant club (lightly wounded, poisoned)
You shoot a poisoned needle.
The poisoned needle barely misses the quokka skeleton.
The poisoned needle hits the ogre.
The ogre looks even sicker.
The ogre is lightly wounded.
The quokka skeleton bites you.
Unknown command.
a - a +3 dagger (weapon)
Your plate armour prevents you from hitting the quokka skeleton.
The quokka skeleton is heavily damaged.
The quokka skeleton bites you but does no damage.
You hit the quokka skeleton.
You destroy the quokka skeleton!
You hit the ogre.
The ogre is moderately wounded.
The ogre hits you with a giant club!
Ouch! That really hurt!
* * * LOW HITPOINT WARNING * * *
Damage: 17 (max 17)
You hit the ogre.
The ogre is moderately wounded.
The ogre hits you with a giant club!
Ouch! That really hurt!
You die...

....................#
...................#
...................#
...................#
...................#
.................).#
.......(Z..........#
.......#O###......##
.......#.@.#......#
......Z#...#......#
...O.Z(#...#......#
.......#...#......#
.......+...#......#
.......#...#......#
##..#......#
###########


You could see an ogre and a bullfrog skeleton.

Vanquished Creatures
  An orc priest (D:3)
  An orc wizard (D:3)
  2 adders (D:2)
  An ooze (D:1)
  5 worms
  7 orcs
  5 bats
  4 giant cockroaches
  6 goblins
  5 hobgoblins
  2 jackals (D:2)
  A ball python (D:3)
  2 frilled lizards (D:3)
  7 kobolds
  A quokka skeleton (D:4)
  6 rats
56 creatures vanquished.

Vanquished Creatures (others)
  2 orcs (D:3)
  A quokka (D:3)
  2 rats (D:3)
5 creatures vanquished.

Grand Total: 61 creatures vanquished

Notes
Turn   | Place    | Note
-------+----------+-------------------------------------------
     0 | D:1      | Gorice the Deep Elf Wanderer began the quest for the Orb.
     0 | D:1      | Gorice set off with: a +2 dagger, a potion of berserk rage, a +0 spear, a +0 robe, a ration
     0 | D:1      | Reached XP level 1. HP: 12/12 MP: 6/6
   329 | D:1      | Reached XP level 2. HP: 16/16 MP: 8/8
   696 | D:1      | Reached skill level 1 in Short Blades
  1353 | D:2      | Reached XP level 3. HP: 20/20 MP: 9/9
  1534 | D:2      | Reached skill level 1 in Armour
  1594 | D:2      | HP: 6/21 [poisoned by an adder]
  2209 | D:3      | Reached skill level 2 in Fighting
  2224 | D:3      | Reached XP level 4. HP: 25/26 MP: 10/10
  2249 | D:3      | Reached skill level 2 in Short Blades
  2394 | D:3      | Found a white marble altar of Elyvilon.
  2904 | D:3      | Reached XP level 5. HP: 26/31 MP: 11/11
  3737 | D:4      | Noticed an ogre
  3753 | D:4      | Slain by an ogre

Vault maps used:
D:1:      tarquinn_simple_flora_water_c, grunt_decor_fettered,
          corexii_corridor_pit, minmay_misc_feat_rows
D:3:      elyvilon_altar_4
D:4:      serial_shops, shop

Skill      XL: |  1  2  3  4 |
---------------+-------------+-----
Short Blades   | 1 2 |  2.6
Armour         | 1 |  1.8
Fighting       | 2 |  2.4
Throwing       | |  1.0
Dodging        | |  2.8
Stealth        | |  1.2
Spellcasting   | |  3.0
Transmutations | |  3.2

Action                   |  1- 3 |  4- 6 || total
-------------------------+-------+-------++-------
Melee: Dagger            |   158 |   103 ||   261
 Fire: Blowgun           |       |     3 ||     3
Throw: Stone             |    30 |     2 ||    32
  Use: Scroll            |     5 |     1 ||     6
       Potion            |       |     1 ||     1
  Eat: Chunk             |     4 |     5 ||     9
Armor: Robe              |     5 |       ||     5
       Plate armour      |   108 |    60 ||   168
Dodge: Dodged            |    21 |    13 ||    34

Table legend:
 A = Spawn XP
 B = Non-spawn XP
 C = Spawn XP percentage of total XP
 D = Spawn monster count
 E = Non-spawn monster count
 F = Spawn count percentage of total count
 G = Total turns spent on level
                    A         B        C        D         E        F      G
               +---------+---------+-------+---------+---------+-------+---------
         Total |       0 |     221 |   0.0 |       0 |      56 |   0.0 |  3753
               +---------+---------+-------+---------+---------+-------+---------
           D:1 |       0 |      18 |   0.0 |       0 |       8 |   0.0 |   873
           D:2 |       0 |      68 |   0.0 |       0 |      20 |   0.0 |  1196
           D:3 |       0 |     126 |   0.0 |       0 |      25 |   0.0 |  1372
           D:4 |       0 |       9 |   0.0 |       0 |       3 |   0.0 |   312
               +---------+---------+-------+---------+---------+-------+---------

Table legend:
 A = Turns spent in this place as a percentage of turns spent in the entire game.
 B = Non-inter-level travel turns spent in this place as a percentage of non-inter-level travel turns spent in the entire game.
 C = Inter-level travel turns spent in this place as a percentage of turns spent in this place.
 D = Turns resting spent in this place as a percentage of non-inter-level travel turns spent in this place.
 E = Turns spent auto-exploring this place as a percentage of non-inter-level travel turns spent in this place.
 F = Non-inter-level travel turns spent in this place divided by the number of levels of this place that you've seen.
                   A       B       C       D       E      F
               +-------+-------+-------+-------+-------+----------------------
         Total | 100.0 | 100.0 |   2.3 |  38.1 |  32.2 | 917.0
       Dungeon | 100.0 | 100.0 |   2.3 |  38.1 |  32.2 | 917.0
               +-------+-------+-------+-------+-------+----------------------

Vault maps used:
D:1:      tarquinn_simple_flora_water_c, grunt_decor_fettered,
          corexii_corridor_pit, minmay_misc_feat_rows
D:3:      elyvilon_altar_4
D:4:      serial_shops, shop
